AoeStats
← WiryFuzzball

Black Forest

509748591Analyzed
3v3 RM · 4d ago on Sep 27, 2026· 27m 20s· 6 players
Game mode
Random Map
Map size
Normal (6 player)
Population
200
Speed
Normal
Resources
Standard
Victory
Conquest
Starting age
Dark Age
Ending age
Imperial Age
RankedLock teamsTeams togetherTeam positionsShared explorationLock speedFull tech treeHidden civsTurbo modeCheats
Victory
Defeat
🇦🇷 Franks · Argentina
976
+17
🇪🇸 Wu · Spain
972
+17
🇦🇷 Jurchens · Argentina
921
+19
🇺🇸 Britons · United States
1002
-18
🇺🇸 Bohemians · United States
991
-18
🇺🇸 Aztecs · United States
988
-17
WiryFuzzball
8:09 Loom
13:19 Feudal Age
15:14 Double-Bit Axe
17:59 Castle Age
15:52 Horse Collar
20:13 Bow Saw
22:37 Squires
24:24 Pikeman
bowerca93
0:39 Loom
13:29 Feudal Age
14:53 Double-Bit Axe
18:34 Castle Age
17:41 Scale Mail Armor
17:27 Man-at-Arms
20:24 Squires
20:58 Long Swordsman
26:34 Chain Mail Armor
JillVibesDotCom
2:07 Loom
3:34 Loom
19:48 Feudal Age
Elgato8153
3:16 Loom
13:36 Feudal Age
18:13 Castle Age
16:43 Horse Collar
18:00 Stone Mining
18:05 Gold Mining
19:05 Town Watch
ManuJejox
0:55 Loom
14:06 Feudal Age
14:40 Double-Bit Axe
16:42 Man-at-Arms
18:23 Scale Barding Armor
19:12 Scale Mail Armor
27:40 Castle Age
bananon1501915
11:41 Feudal Age
18:22 Castle Age
17:15 Horse Collar
17:27 Gold Mining
17:24 Double-Bit Axe
17:35 Stone Mining
19:26 Bow Saw
22:45 Stone Shaft Mining
24:22 Loom
Connection lost

Rejoining the realm…

Still unreachable

The connection could not be restored.

Session expired

The server has moved on; the page needs a fresh start.